 Dungeon Crawl Stone Soup version 0.29-a0-284-gf9362112df (webtiles) character file.

Game seed: 9106835812989163357

24 GigaChad the Skirmisher (level 2, -1/25 HPs)
             Began as a Palentonga Abyssal Knight on Mar 30, 2022.
             Was a High Priest of Ignis.
             Slain by a small abomination (10 damage)
             ... created by the touch of Lugonu
             ... on level 1 of the Dungeon.
             The game lasted 00:05:38 (868 turns).

GigaChad the Skirmisher (Palentonga Abyssal Knight)  Turns: 868, Time: 00:05:39

Health: -1/25      AC:  4    Str: 16    XL:     2   Next: 79%
Magic:  3/3        EV:  9    Int: 10    God:    Ignis [*****.]
Gold:   83         SH:  0    Dex: 10    Spells: 1/1 levels left

rFire   + . .      SeeInvis +   a - +1 falchion
rCold   . . .      Faith    .   (no shield)
rNeg    . . .      Spirit   .   b - +0 leather armour
rPois   .          Reflect  .   (no helmet)
rElec   .          Harm     .   (no cloak)
rCorr   .          Rampage  .   (no gloves)
Will    .....                   (no barding)
Stlth   +.........              (no amulet)
HPRegen 0.08/turn               (no ring)
MPRegen 0.08/turn               (no ring)

@: no status effects
A: large, rugged brown scales 3, see invisible, deformed body, roll 1, armoured
tail
a: Rolling Charge, Renounce Religion, Fiery Armour, Foxfire Swarm, Rising Flame


You were on level 1 of the Dungeon.
You worshipped Ignis.
Ignis was extremely pleased with you.
You visited 1 branch of the dungeon, and saw 1 of its levels.
You visited the Abyss 1 time.

You collected 83 gold pieces.

Inventory:

Hand Weapons
 a - a +1 falchion (weapon)
 c - a +0 mace of holy wrath
 f - a +0 hand axe
Armour
 b - a +0 leather armour (worn)
Jewellery
 e - a ring of wizardry
Potions
 d - a potion of cancellation {unknown}
 g - a potion of attraction {unknown}


   Skills:
 + Level 3.5 Fighting
 + Level 2.6 Long Blades
 + Level 1.7 Armour
 + Level 0.8 Dodging
 + Level 2.0 Invocations


You had one spell level left.
You didn't know any spells.
Your spell library was empty.

Dungeon Overview and Level Annotations

Branches:
Dungeon (1/15)

Altars:
Ignis


Innate Abilities, Weirdness & Mutations

You are completely covered in rugged brown scales. (AC +3, +7% HP)
You have supernaturally acute eyesight. (SInv)
Armour fits poorly on your strangely shaped body.
You can roll at nearby foes to attack.
You have a long armoured tail.


Message History

The quokka is almost dead.
The quokka bites you but does no damage.
The quokka closely misses you.
You barely miss the quokka.
The quokka is almost dead.
The quokka bites you but does no damage.
You closely miss the quokka.
Your tail-slap misses the quokka.
The quokka is almost dead.
The quokka closely misses you. The quokka bites you.
You hit the quokka.
You kill the quokka!
You see here a quokka corpse.
You see here 25 stones.
You see here 25 stones.
You see here a quokka corpse.
You see here a hobgoblin corpse.
You now have 83 gold pieces (gained 16).
Lugonu sends minions to punish you.
A small abomination comes into view.
You hit the small abomination.
The small abomination is lightly damaged.
You hit the small abomination.
The small abomination is moderately damaged.
The small abomination completely misses you.
You closely miss the small abomination.
The small abomination is moderately damaged.
The small abomination hits you!
The small abomination completely misses you.
You barely miss the small abomination.
The small abomination is moderately damaged.
The small abomination barely misses you.
You barely miss the small abomination.
Your tail-slap misses the small abomination.
The small abomination is moderately damaged.
The small abomination hits you.
You hit the small abomination.
The small abomination is heavily damaged.
The small abomination hits you but does no damage.
The small abomination hits you!
You die...

#############
......x@....#
...########.#
#.# #.# #.#
#.# #.# #.#
#.#


You could see a small abomination.

Vanquished Creatures
  A dart slug (D:1)
  2 ball pythons (D:1)
  A giant cockroach (D:1)
  3 hobgoblins (D:1)
  2 kobolds (D:1)
  A quokka (D:1)
  4 bats (D:1)
  2 frilled lizards (D:1)
  A goblin (D:1)
  3 rats (D:1)
20 creatures vanquished.

Vanquished Creatures (collateral kills)
  A ball python (D:1)
1 creature vanquished.

Vanquished Creatures (others)
  A plant (D:1)
1 creature vanquished.

Grand Total: 22 creatures vanquished

Notes
Turn   | Place    | Note
-------+----------+-------------------------------------------
     0 | Abyss:1  | GigaChad the Palentonga Abyssal Knight began the quest for
                  | the Orb.
     0 | Abyss:1  | Reached XP level 1. HP: 19/19 MP: 2/2
    73 | D:1      | Escaped the Abyss
   258 | D:1      | Reached XP level 2. HP: 21/25 MP: 3/3
   292 | D:1      | Fell from the grace of Lugonu
   317 | D:1      | Found a faded altar of an unknown god.
   359 | D:1      | Prayed at the altar of an unknown god.
   359 | D:1      | Became a worshipper of Ignis, the Dying Flame
   863 | D:1      | Noticed a small abomination
   868 | D:1      | Slain by a small abomination

Illustrated notes

Levels and vault maps discovered:
D:1:      dpeg_arrival_lava_altar, layout_basic,
          shapermc_ecumenical_altar_ellora

Action                   || total
-------------------------++-------
Melee: Falchion          ||    47
       Tailslap          ||     1
Invok: Renounce Religion ||     1
  Use: Scroll            ||     2
Armor: Leather armour    ||    29
Dodge: Dodged            ||    32

Table legend: (Time is in decaauts)
 A = Elapsed time spent in this place.
 B = Non-inter-level travel time spent in this place.
 C = Inter-level travel time spent in this place.
 D = Time resting spent in this place.
 E = Time spent auto-exploring this place.
 F = Levels seen in this place.
 G = Mean time per level.
                   A        B        C        D        E       F      G
               +--------+--------+--------+--------+--------+-----+--------+
         Total |    876 |    876 |      0 |      0 |      0 |   2 |  438.0 |
       Dungeon |    803 |    803 |      0 |      0 |      0 |   1 |  803.0 |
         Abyss |     73 |     73 |      0 |      0 |      0 |   1 |   73.0 |
               +--------+--------+--------+--------+--------+-----+--------+

Top non-repeatable levels by time:
     D:1: 803 daAuts
 Abyss:1: 73 daAuts
